 Dungeon Crawl Stone Soup version 0.28-a0-1334-g1c9ffb4daf (webtiles) character file.

Game seed: 17923275487864020798

425 HessuHobo the Cudgeller (level 6, 0/91 HPs)
             Began as a Troll Berserker on Dec 28, 2021.
             Was a Believer of Trog.
             Slain by a hornet zombie (7 damage)
             ... on level 6 of the Dungeon.
             The game lasted 00:04:40 (3454 turns).

HessuHobo the Cudgeller (Troll Berserker)           Turns: 3454, Time: 00:04:41

Health: 0/91       AC:  5    Str: 28    XL:     6   Next: 64%
Magic:  5/5        EV: 10    Int:  3    God:    Trog [**....]
Gold:   127        SH:  0    Dex:  9    Spells: 5/5 levels left

rFire   . . .      SeeInvis .   q - +7 hand axe of Buck {vorpal, rPois}
rCold   . . .      Faith    .   (no shield)
rNeg    . . .      Spirit   .   b - +0 animal skin
rPois   +          Reflect  .   (helmet restricted)
rElec   .          Harm     .   s - +0 cloak
rCorr   .          Rampage  .   (gloves unavailable)
Will    +....                   (boots unavailable)
Stlth   ..........              (no amulet)
HPRegen 1.05/turn               e - ring of willpower
MPRegen 0.09/turn               o - ring of poison resistance

@: berserking, very quick
A: large, unfitting armour, claws 3, regeneration 1, shaggy fur 1, tough skin 1
a: Renounce Religion, Berserk, Trog's Hand


You were on level 6 of the Dungeon.
You worshipped Trog.
Trog was pleased with you.
You visited 1 branch of the dungeon, and saw 6 of its levels.

You collected 127 gold pieces.

Inventory:

Hand Weapons
 a - a +0 mace
 q - the +7 hand axe of Buck (weapon) {vorpal, rPois}
   (You found it on level 2 of the Dungeon)

   It inflicts extra damage upon your enemies.
   rPois:     It protects you from poison.
 v - a +0 giant club
Missiles
 i - 36 stones (quivered)
 u - 2 large rocks
Armour
 b - a +0 animal skin (worn)
 s - a +0 cloak (worn)
Jewellery
 e - a ring of willpower (left claw)
 g - a +6 ring of intelligence
 o - a ring of poison resistance (right claw)
 t - a +6 ring of intelligence
Wands
 r - a wand of flame (19)
Scrolls
 c - 4 scrolls of fog {unknown}
 j - a scroll of teleportation {unknown}
 l - a scroll of amnesia {unknown}
 m - a scroll of immolation {unknown}
 n - 2 scrolls of enchant armour {unknown}
Potions
 d - a potion of attraction {unknown}
 f - a potion of curing {unknown}
 h - 2 potions of haste {unknown}
 k - a potion of lignification {unknown}
 p - 2 potions of mutation {unknown}


   Skills:
 - Level 3.3 Fighting
 + Level 5.3 Maces & Flails
 - Level 1.0 Throwing
 - Level 1.5 Armour
 - Level 3.3 Dodging


You had 5 spell levels left.
You didn't know any spells.
Your spell library was empty.

Dungeon Overview and Level Annotations

Branches:
Dungeon (7/15)
 Temple: D:4-7

Altars:
Fedhas

Annotations:
D:3 Jessica
D:7 Menkaure


Innate Abilities, Weirdness & Mutations

You are too large for most types of armour.
You have claws for hands.
Your natural rate of healing is unusually fast.
You are covered in fur. (AC +1)
You have tough skin. (AC +1)


Message History

The centaur zombie hits you but does no damage.
The centaur zombie misses you.
You hit the centaur zombie.
The centaur zombie is severely damaged.
The centaur zombie barely misses you.
The centaur zombie kicks you but does no damage.
You completely miss the centaur zombie.
The centaur zombie is severely damaged.
The centaur zombie closely misses you. The centaur zombie barely misses you.
The centaur zombie misses you. The centaur zombie barely misses you.
You slash the centaur zombie!
You destroy the centaur zombie!
Trog accepts your kill. The hornet zombie closely misses you.
You closely miss the hornet zombie. The hornet zombie hits you.
You slash the hornet zombie!
The hornet zombie is lightly damaged.
The hornet zombie hits you.
You barely miss the hornet zombie.
The hornet zombie is lightly damaged.
The hornet zombie hits you but does no damage.
The hornet zombie barely misses you.
You slash the hornet zombie!
The hornet zombie is heavily damaged.
The hornet zombie barely misses you. The hornet zombie hits you.
You slash the hornet zombie!
The hornet zombie is heavily damaged.
The hornet zombie hits you.
You hit the hornet zombie.
The hornet zombie is severely damaged.
The hornet zombie hits you!
* * * LOW HITPOINT WARNING * * *
You hit the hornet zombie.
The hornet zombie is severely damaged.
The hornet zombie hits you!
* * * LOW HITPOINT WARNING * * *
The hornet zombie closely misses you.
A red film seems to cover your vision as you go berserk!
You feel yourself moving faster!
You feel mighty! The hornet zombie hits you!
You die...

..<....).)#######
........>........
........†)######.#
.....###+#.)......
..... #.#####.##
.... #.#...###|.##
... #............
... #####.####..#
#@# #####Z#####
#.........#
#.........##
#..........#
#..........#
#####.≈≈≈≈.#
#.≈≈≈≈.# ..≈≈≈≈..#


You could see a hornet zombie.

Vanquished Creatures
  An ogre (D:7)
  A centaur (D:6)
  A bullfrog (D:7)
  A centaur zombie (D:6)
  A hound (D:6)
  A killer bee zombie (D:6)
  3 gnolls (D:2)
  2 adders
  4 dart slugs
  2 orcs (D:6)
  6 endoplasms
  3 giant cockroaches (D:1)
  7 goblins
  6 hobgoblins
  2 jackals (D:1)
  5 ball pythons (D:1)
  6 bats
  4 frilled lizards
  2 kobolds
  5 rats
63 creatures vanquished.

Vanquished Creatures (others)
  A withered plant (D:6)
1 creature vanquished.

Grand Total: 64 creatures vanquished

Notes
Turn   | Place    | Note
-------+----------+-------------------------------------------
     0 | D:1      | HessuHobo the Troll Berserker began the quest for the Orb.
     0 | D:1      | Reached XP level 1. HP: 22/22 MP: 0/0
   173 | D:1      | Reached XP level 2. HP: 29/29 MP: 1/1
   476 | D:1      | Reached skill level 3 in Maces & Flails
   478 | D:1      | Reached ** piety under Trog
   548 | D:1      | Reached XP level 3. HP: 33/36 MP: 2/2
   936 | D:1      | Reached skill level 1 in Armour
  1653 | D:2      | Reached XP level 4. HP: 22/44 MP: 3/3
  2504 | D:2      | Identified the +7 hand axe of Buck {vorpal, rPois}
  2863 | D:3      | Found a faded altar of an unknown god.
  2886 | D:3      | Noticed Jessica
  3006 | D:3      | Found a blossoming altar of Fedhas.
  3166 | D:4      | You fall into a shaft and drop 3 floors!
  3171 | D:7      | Noticed an ogre
  3180 | D:7      | Killed an ogre
  3181 | D:7      | Reached skill level 1 in Throwing
  3181 | D:7      | Reached XP level 5. HP: 50/53 MP: 4/4
  3357 | D:7      | Reached skill level 4 in Maces & Flails
  3369 | D:7      | Noticed Menkaure
  3372 | D:7      | Noticed a centaur
  3382 | D:6      | Reached XP level 6. HP: 32/61 MP: 5/5
  3385 | D:6      | Reached skill level 5 in Maces & Flails
  3454 | D:6      | Slain by a hornet zombie

Illustrated notes

Levels and vault maps discovered:
D:1:      dpeg_arrival_castle, layout_basic
D:2:      layout_basic
D:3:      layout_basic, fedhas_altar_1, ebering_ecumenical_altar_petrified,
          uniq_jessica
D:4:      layout_loops_ring, kennysheep_nondescript, uniq_crazy_yiuf_cottage
D:6:      layout_basic, serial_undead, serial_undead_f, serial_undead_e,
          serial_undead_b, serial_undead_a
D:7:      layout_loops_ring, uniq_menkaure, uniq_joseph

Skill      XL: |  1  2  3  4  5  6 |
---------------+-------------------+-----
Maces & Flails | 3 4 5 |  5.3
Armour         | 1 |  1.5
Fighting       | 3 |  3.3
Dodging        | 3 |  3.3
Throwing       | 1 |  1.0

Action                   |  1- 3 |  4- 6 || total
-------------------------+-------+-------++-------
Melee: Mace              |   120 |    42 ||   162
       Hand axe          |       |    61 ||    61
Throw: Stone             |     9 |       ||     9
Invok: Berserk           |       |     3 ||     3
       Trog's Hand       |       |     1 ||     1
Armor: Animal skin       |    34 |    46 ||    80
Dodge: Dodged            |    59 |    89 ||   148

Table legend: (Time is in decaauts)
 A = Elapsed time spent in this place.
 B = Non-inter-level travel time spent in this place.
 C = Inter-level travel time spent in this place.
 D = Time resting spent in this place.
 E = Time spent auto-exploring this place.
 F = Levels seen in this place.
 G = Mean time per level.
                   A        B        C        D        E       F      G
               +--------+--------+--------+--------+--------+-----+--------+
         Total |   3523 |   3348 |    175 |    910 |   1779 |   6 |  587.2 |
       Dungeon |   3523 |   3348 |    175 |    910 |   1779 |   6 |  587.2 |
               +--------+--------+--------+--------+--------+-----+--------+

Top non-repeatable levels by time:
     D:2: 1429 daAuts
     D:1: 1134 daAuts
     D:3: 648 daAuts
     D:7: 222 daAuts
     D:6: 89 daAuts
